3AA
OTTAWA NATIONALS @ MYRTLE BEACH MERMEN
08/30/2027
 
TOP OF THE 1ST
Ottawa Nationals batting - Pitching for Myrtle Beach Mermen : RHP Chris Hayes
Pitching: RHP Chris Hayes
Batting: RHB Howard Fewell 0-0: Foul Ball, location: 2F
0-1: Swinging Strike
0-2: Ball
1-2: Foul Ball, location: 2F
1-2: Foul Ball, location: 2F
1-2: Foul Ball, location: 2F
1-2: Strikes out swinging
Batting: RHB Tomás Bermúdez 0-0: Ball
1-0: Ball
2-0: Called Strike
2-1: Foul Ball, location: 2F
2-2: SINGLE (Groundball, 5L) (infield hit)
Batting: RHB Michael Peterson 0-0: Called Strike
Tomás Bermúdez steals 2nd base
0-1: Called Strike
0-2: Ball
1-2: Foul Ball, location: 2F
1-2: Strikes out looking
Batting: RHB Markus Thompson 0-0: Swinging Strike
0-1: Foul Ball, location: 2F
0-2: Foul Ball, location: 2F
0-2: Strikes out looking
Top of the 1st over - 0 run(s), 1 hit(s), 0 error(s), 1 left on base; Ottawa 0 - Myrtle Beach 0
BOTTOM OF THE 1ST
Myrtle Beach Mermen batting - Pitching for Ottawa Nationals : LHP Preston Connely
Pitching: LHP Preston Connely
Batting: RHB Sergio Pérez 0-0: Called Strike
0-1: Ball
1-1: Called Strike
1-2: Foul Ball, location: 2F
1-2: Ball
2-2: Ball
3-2: Base on Balls
Batting: RHB Jorge Reyes 0-0: Called Strike
0-1: Ball
1-1: Called Strike
1-2: Strikes out swinging
Batting: RHB Jim Unknown 0-0: Ball
1-0: Ball
2-0: Ball
3-0: Foul Ball, location: 2F
3-1: SINGLE (Groundball, 56D)
Sergio Pérez to second
Batting: RHB Maik Palen 0-0: Ball
Sergio Pérez steals 3rd base
Jim Unknown to second
1-0: Ball
2-0: Ball
3-0: Called Strike
3-1: SINGLE (Groundball, 4MD)
Sergio Pérez scores
Jim Unknown to third
Batting: LHB Alexis Raimbault 0-0: Foul Ball, location: 2F
0-1: Ball
1-1: Foul Ball, location: 2F
1-2: Ball
2-2: Strikes out swinging
Batting: LHB Philip Strickland 0-0: Foul Ball, location: 2F
0-1: Ball
1-1: Ball
2-1: Ball
3-1: Base on Balls
Maik Palen to second
Batting: RHB Fernando Martínez 0-0: Foul Ball, location: 2F
0-1: Foul Ball, location: 2F
0-2: Ball
1-2: Ball
2-2: Foul Ball, location: 2F
2-2: Foul Ball, location: 2F
2-2: Foul Ball, location: 2F
2-2: Fielders Choice at 2nd, 6-4 (Groundball, 6)
Bottom of the 1st over - 1 run(s), 2 hit(s), 0 error(s), 2 left on base; Ottawa 0 - Myrtle Beach 1
TOP OF THE 2ND
Ottawa Nationals batting - Pitching for Myrtle Beach Mermen : RHP Chris Hayes
Batting: RHB Brandon Carroll 0-0: Foul Ball, location: 2F
0-1: Swinging Strike
0-2: Ball
1-2: Ground out 6-3 (Groundball, 6)
Batting: RHB Duane Wills 0-0: Ball
1-0: Swinging Strike
1-1: Foul Ball, location: 2F
1-2: Ground out 5-3 (Groundball, 56S)
Batting: RHB Warren Martin 0-0: Ball
1-0: Ball
2-0: Foul Ball, location: 2F
2-1: Called Strike
2-2: Strikes out swinging
Top of the 2nd over - 0 run(s), 0 hit(s), 0 error(s), 0 left on base; Ottawa 0 - Myrtle Beach 1
BOTTOM OF THE 2ND
Myrtle Beach Mermen batting - Pitching for Ottawa Nationals : LHP Preston Connely
Batting: RHB Jimmy Dawson 0-0: Foul Ball, location: 2F
0-1: Foul Ball, location: 2F
0-2: Ball
1-2: Foul Ball, location: 2F
1-2: Fly out, F8 (Flyball, 8RM)
Batting: RHB Sal Haynes 0-0: Ball
1-0: DOUBLE (Flyball, 89XD)
Batting: RHB Sergio Pérez 0-0: Ball
1-0: Ball
2-0: Ball
3-0: Base on Balls
Batting: RHB Jorge Reyes 0-0: SINGLE (Line Drive, 78S)
Sal Haynes to third
Sergio Pérez to second
Batting: RHB Jim Unknown 0-0: Swinging Strike
0-1: Ball
1-1: SINGLE (Groundball, 6MD)
Sal Haynes scores
Sergio Pérez to third
Jorge Reyes to second
Runner from 3rd tries for Home, SAFE, no throw
Batting: RHB Maik Palen 0-0: DOUBLE (Line Drive, 9LM)
Jorge Reyes scores
Jim Unknown to third
Batting: LHB Alexis Raimbault 0-0: SINGLE (Flyball, 8RS)
Jim Unknown scores
Maik Palen to third
Batting: LHB Philip Strickland 0-0: Called Strike
0-1: Foul Ball, location: 2F
0-2: Grounds into double play, 4-6-3 (Groundball, 34)
Bottom of the 2nd over - 4 run(s), 5 hit(s), 0 error(s), 1 left on base; Ottawa 0 - Myrtle Beach 5
TOP OF THE 3RD
Ottawa Nationals batting - Pitching for Myrtle Beach Mermen : RHP Chris Hayes
Batting: RHB Ernest Daniels 0-0: SINGLE (Flyball, 9LS)
Batting: RHB Elia Amberezzio 0-0: Called Strike
0-1: Called Strike
0-2: DOUBLE (Groundball, 3L)
Ernest Daniels to third
Batting: RHB Howard Fewell 0-0: Called Strike
0-1: Swinging Strike
0-2: Ball
1-2: Foul Ball, location: 2F
1-2: Strikes out swinging
Batting: RHB Tomás Bermúdez 0-0: Called Strike
0-1: Ball
1-1: Ball
2-1: Ground out 6-3 (Groundball, 6)
Ernest Daniels scores
Batting: RHB Michael Peterson 0-0: Ball
1-0: Ground out 5-3 (Groundball, 5L)
Top of the 3rd over - 1 run(s), 2 hit(s), 0 error(s), 1 left on base; Ottawa 1 - Myrtle Beach 5
BOTTOM OF THE 3RD
Myrtle Beach Mermen batting - Pitching for Ottawa Nationals : LHP Preston Connely
Batting: RHB Fernando Martínez 0-0: Ball
1-0: Ball
2-0: Ball
3-0: Base on Balls
Batting: RHB Jimmy Dawson 0-0: SINGLE (Groundball, 6MD)
Fernando Martínez to second
Batting: RHB Sal Haynes 0-0: Ball
Fernando Martínez steals 3rd base
Jimmy Dawson to second
1-0: SINGLE (Groundball, 56D)
Fernando Martínez scores
Jimmy Dawson to third
Batting: RHB Sergio Pérez 0-0: Grounds into double play, 6-4-3 (Groundball, 6)
Jimmy Dawson scores
Batting: RHB Jorge Reyes 0-0: Ball
1-0: Ball
2-0: Ball
3-0: Called Strike
3-1: Swinging Strike
3-2: Foul Ball, location: 2F
3-2: Strikes out swinging
Bottom of the 3rd over - 2 run(s), 2 hit(s), 0 error(s), 0 left on base; Ottawa 1 - Myrtle Beach 7
TOP OF THE 4TH
Ottawa Nationals batting - Pitching for Myrtle Beach Mermen : RHP Chris Hayes
Batting: RHB Markus Thompson 0-0: Called Strike
0-1: Swinging Strike
0-2: Strikes out swinging
Batting: RHB Brandon Carroll 0-0: Foul Ball, location: 2F
0-1: Foul Ball, location: 2F
0-2: Foul Ball, location: 2F
0-2: Ball
1-2: Fly out, F9 (Flyball, 9LS)
Batting: RHB Duane Wills 0-0: Called Strike
0-1: Ball
1-1: Ball
2-1: Swinging Strike
2-2: Foul Ball, location: 2F
2-2: Ball
3-2: Base on Balls
Batting: RHB Warren Martin 0-0: Called Strike
0-1: Swinging Strike
0-2: Ball
1-2: Ball
2-2: Foul Ball, location: 2F
2-2: Foul Ball, location: 2F
2-2: Foul Ball, location: 2F
2-2: Fly out, F8 (Flyball, 8LD)
Top of the 4th over - 0 run(s), 0 hit(s), 0 error(s), 1 left on base; Ottawa 1 - Myrtle Beach 7
BOTTOM OF THE 4TH
Myrtle Beach Mermen batting - Pitching for Ottawa Nationals : LHP Preston Connely
Pitching: LHP Francisco Jiménez
Batting: RHB Jim Unknown 0-0: Ball
1-0: Called Strike
1-1: Ball
2-1: SOLO HOME RUN (Flyball, 7D), Distance : 353 ft
Batting: RHB Maik Palen 0-0: Called Strike
0-1: Ball
1-1: Called Strike
1-2: Ball
2-2: Ball
3-2: Base on Balls
Batting: LHB Alexis Raimbault 0-0: Ball
1-0: Reached on error, E3 (Groundball, 34)
Maik Palen to second
Batting: LHB Philip Strickland 0-0: Called Strike
0-1: Foul Ball, location: 2F
0-2: Ball
1-2: Strikes out swinging
Batting: RHB Fernando Martínez 0-0: Ball
1-0: Called Strike
1-1: Ball
2-1: Foul Ball, location: 2F
2-2: Foul Ball, location: 2F
2-2: Strikes out swinging
Batting: RHB Jimmy Dawson 0-0: Ball
1-0: Swinging Strike
1-1: Swinging Strike
1-2: Foul Ball, location: 2F
1-2: Foul Ball, location: 2F
1-2: Strikes out swinging
Bottom of the 4th over - 1 run(s), 1 hit(s), 1 error(s), 2 left on base; Ottawa 1 - Myrtle Beach 8
TOP OF THE 5TH
Ottawa Nationals batting - Pitching for Myrtle Beach Mermen : RHP Chris Hayes
Batting: RHB Ernest Daniels 0-0: Ball
1-0: Ball
2-0: Ball
3-0: Base on Balls
Batting: RHB Elia Amberezzio 0-0: Ball
1-0: Foul Ball, location: 2F
1-1: Swinging Strike
1-2: Foul Ball, location: 2F
1-2: TRIPLE (Flyball, 9LM)
Ernest Daniels scores
Batting: RHB Howard Fewell 0-0: Swinging Strike
0-1: Foul Ball, location: 2F
0-2: Ball
1-2: Foul Ball, location: 2F
1-2: Strikes out swinging
Batting: RHB Tomás Bermúdez 0-0: Ball
1-0: Ball
2-0: Ball
3-0: Base on Balls
Batting: RHB Michael Peterson 0-0: Called Strike
0-1: SINGLE (Flyball, 89S)
Elia Amberezzio scores
Tomás Bermúdez to second
Runner from 2nd tries for 3rd, SAFE, no throw
Batting: RHB Markus Thompson 0-0: Called Strike
0-1: Ball
1-1: Called Strike
1-2: Strikes out swinging
Batting: RHB Brandon Carroll 0-0: Called Strike
0-1: Called Strike
0-2: Strikes out looking
Top of the 5th over - 2 run(s), 2 hit(s), 0 error(s), 2 left on base; Ottawa 3 - Myrtle Beach 8
BOTTOM OF THE 5TH
Myrtle Beach Mermen batting - Pitching for Ottawa Nationals : LHP Francisco Jiménez
Batting: RHB Sal Haynes 0-0: Ball
1-0: Ball
2-0: Foul Ball, location: 2F
2-1: Ball
3-1: Base on Balls
Batting: RHB Sergio Pérez 0-0: SINGLE (Groundball, 6MD)
Sal Haynes to second
Runner from 2nd tries for 3rd, SAFE, throw made to third
Sergio Pérez to second
Batting: RHB Jorge Reyes 0-0: Called Strike
0-1: Ball
1-1: Swinging Strike
1-2: Ball
2-2: Strikes out swinging
Batting: RHB Jim Unknown 0-0: Ball
1-0: Ball
2-0: Foul Ball, location: 2F
2-1: Fly out, F8 (Flyball, 78S)
Batting: RHB Maik Palen 0-0: Called Strike
0-1: Called Strike
0-2: SINGLE (Flyball, 89S)
Sal Haynes scores
Sergio Pérez to third
Runner from 3rd tries for Home, SAFE, no throw
Pitching: RHP Leão Barro
Batting: LHB Alexis Raimbault 0-0: Swinging Strike
0-1: Foul Ball, location: 2F
0-2: Ball
Wild Pitch!
Maik Palen to second
1-2: Ball
Wild Pitch!
Maik Palen to third
2-2: Fly out, F5 (Popup, 5L)
Bottom of the 5th over - 2 run(s), 2 hit(s), 0 error(s), 1 left on base; Ottawa 3 - Myrtle Beach 10
TOP OF THE 6TH
Ottawa Nationals batting - Pitching for Myrtle Beach Mermen : RHP Chris Hayes
Batting: RHB Duane Wills 0-0: Called Strike
0-1: Ball
1-1: Foul Ball, location: 2F
1-2: TRIPLE (Line Drive, 5L)
Batting: RHB Warren Martin 0-0: Called Strike
0-1: Swinging Strike
0-2: Ball
1-2: Ground out 1-3 (Groundball, 13S)
Batting: RHB Ernest Daniels 0-0: Foul Ball, location: 2F
0-1: Called Strike
0-2: Ball
1-2: Ball
2-2: Strikes out looking
Batting: RHB Elia Amberezzio 0-0: Foul Ball, location: 2F
0-1: Ball
1-1: Called Strike
1-2: Foul Ball, location: 2F
1-2: Ball
2-2: Strikes out swinging
Top of the 6th over - 0 run(s), 1 hit(s), 0 error(s), 1 left on base; Ottawa 3 - Myrtle Beach 10
BOTTOM OF THE 6TH
Myrtle Beach Mermen batting - Pitching for Ottawa Nationals : RHP Leão Barro
Batting: LHB Philip Strickland 0-0: Ball
1-0: Called Strike
1-1: Ball
2-1: Fly out, F5 (Popup, 56S)
Batting: RHB Fernando Martínez 0-0: Called Strike
0-1: Ball
1-1: SINGLE (Flyball, 8LM)
Batting: RHB Jimmy Dawson 0-0: Ball
1-0: Swinging Strike
1-1: Foul Ball, location: 2F
1-2: 2-RUN HOME RUN (Flyball, 7D), Distance : 357 ft
Batting: RHB Sal Haynes 0-0: Swinging Strike
0-1: Called Strike
0-2: Fly out, F7 (Line Drive, 7LM)
Batting: RHB Sergio Pérez 0-0: Swinging Strike
0-1: Foul Ball, location: 2F
0-2: Ball
1-2: Ball
2-2: Ball
3-2: Foul Ball, location: 2F
3-2: Base on Balls
Batting: RHB Jorge Reyes 0-0: SINGLE (Groundball, 6MD)
Sergio Pérez to second
Sergio Pérez to third
Batting: RHB Jim Unknown 0-0: Ball
1-0: Ball
2-0: Swinging Strike
2-1: Fielders Choice at 2nd, 4-6 (Groundball, 4)
Bottom of the 6th over - 2 run(s), 3 hit(s), 0 error(s), 1 left on base; Ottawa 3 - Myrtle Beach 12
TOP OF THE 7TH
Ottawa Nationals batting - Pitching for Myrtle Beach Mermen : RHP Chris Hayes
Batting: RHB Howard Fewell 0-0: Called Strike
0-1: Called Strike
0-2: Foul Ball, location: 2F
0-2: Foul Ball, location: 2F
0-2: Ball
1-2: Foul Ball, location: 2F
1-2: Ball
2-2: Strikes out swinging
Batting: RHB Tomás Bermúdez 0-0: Hit by Pitch
Pitching: LHP Héctor Ocampo
Batting: RHB Michael Peterson 0-0: Called Strike
Tomás Bermúdez steals 2nd base
0-1: Called Strike
0-2: Ball
1-2: Ball
2-2: Fly out, F7 (Flyball, 7LM)
Batting: RHB Markus Thompson 0-0: Called Strike
0-1: Foul Ball, location: 2F
0-2: Strikes out swinging
Top of the 7th over - 0 run(s), 0 hit(s), 0 error(s), 1 left on base; Ottawa 3 - Myrtle Beach 12
BOTTOM OF THE 7TH
Myrtle Beach Mermen batting - Pitching for Ottawa Nationals : RHP Leão Barro
Batting: RHB Maik Palen 0-0: Called Strike
0-1: Ball
1-1: Called Strike
1-2: Strikes out swinging
Batting: LHB Alexis Raimbault 0-0: Ball
1-0: Ball
2-0: Foul Ball, location: 2F
2-1: Foul Ball, location: 2F
2-2: Foul Ball, location: 2F
2-2: Fly out, F9 (Flyball, 9)
Batting: LHB Philip Strickland 0-0: Called Strike
0-1: Swinging Strike
0-2: Ball
1-2: Ball
2-2: Ball
3-2: Foul Ball, location: 2F
3-2: Ground out 3-1 (Groundball, 34S)
Bottom of the 7th over - 0 run(s), 0 hit(s), 0 error(s), 0 left on base; Ottawa 3 - Myrtle Beach 12
TOP OF THE 8TH
Ottawa Nationals batting - Pitching for Myrtle Beach Mermen : LHP Héctor Ocampo
Batting: RHB Brandon Carroll 0-0: Fly out, F7 (Line Drive, 78S)
Batting: RHB Duane Wills 0-0: Fly out, F5 (Popup, 56)
Batting: RHB Warren Martin 0-0: Called Strike
0-1: Ball
1-1: Ball
2-1: Ball
3-1: Base on Balls
Batting: RHB Ernest Daniels
Pinch Hitting: SHB Tristan Shanks 0-0: Ball
1-0: Called Strike
1-1: Ball
2-1: Ball
3-1: Called Strike
3-2: Fly out, F9 (Line Drive, 9D)
Top of the 8th over - 0 run(s), 0 hit(s), 0 error(s), 1 left on base; Ottawa 3 - Myrtle Beach 12
BOTTOM OF THE 8TH
Myrtle Beach Mermen batting - Pitching for Ottawa Nationals : RHP Leão Barro
Now at 2B: Tristan Shanks
Batting: RHB Fernando Martínez 0-0: Ball
1-0: Called Strike
1-1: Foul Ball, location: 2F
1-2: Strikes out looking
Pitching: RHP Bob Reece
Batting: RHB Jimmy Dawson 0-0: Ball
1-0: Foul Ball, location: 2F
1-1: Ball
2-1: Called Strike
2-2: Strikes out looking
Batting: RHB Sal Haynes 0-0: Fly out, F7 (Flyball, 7)
Bottom of the 8th over - 0 run(s), 0 hit(s), 0 error(s), 0 left on base; Ottawa 3 - Myrtle Beach 12
TOP OF THE 9TH
Ottawa Nationals batting - Pitching for Myrtle Beach Mermen : LHP Héctor Ocampo
Now in LF: Maikel Cobblepot
Batting: RHB Elia Amberezzio 0-0: Foul Ball, location: 2F
0-1: Fly out, F9 (Flyball, 9S)
Batting: RHB Howard Fewell 0-0: DOUBLE (Line Drive, 8RXD)
Batting: RHB Tomás Bermúdez 0-0: Ball
1-0: SINGLE (Line Drive, 89S)
Howard Fewell to third
Batting: RHB Michael Peterson 0-0: Foul Ball, location: 2F
0-1: Called Strike
0-2: Foul Ball, location: 2F
0-2: Hit by Pitch
Tomás Bermúdez to second
Batting: RHB Markus Thompson 0-0: Ball
1-0: Ball
2-0: Ball
3-0: Base on Balls
Howard Fewell scores
Tomás Bermúdez to third
Michael Peterson to second
Batting: RHB Brandon Carroll 0-0: Ball
1-0: Called Strike
1-1: Ball
2-1: Ball
3-1: Base on Balls
Tomás Bermúdez scores
Michael Peterson to third
Markus Thompson to second
Batting: RHB Duane Wills 0-0: Called Strike
0-1: Ball
Wild Pitch!
Michael Peterson scores
Markus Thompson to third
Brandon Carroll to second
1-1: Ball
2-1: Foul Ball, location: 2F
2-2: Ground out 1-3 (Groundball, 13S)
Batting: RHB Warren Martin 0-0: Ball
1-0: Ball
2-0: Ball
3-0: Base on Balls
Batting: SHB Tristan Shanks 0-0: Called Strike
0-1: Ball
1-1: Foul Ball, location: 2F
1-2: Strikes out swinging
Top of the 9th over - 3 run(s), 2 hit(s), 0 error(s), 3 left on base; Ottawa 6 - Myrtle Beach 12
Saturday, May 26th, 2018 - OOTP Baseball 17.12 Build 75